 Dungeon Crawl Stone Soup version 0.22.1-1-ga44c0e56f4 (webtiles) character file.

916 Stafi the Basher (level 8, 0/67 HPs)
             Began as a Human Berserker on Oct 8, 2018.
             Was a Believer of Trog.
             Slain by a bullfrog (3 damage)
             ... on level 6 of the Dungeon on Nov 1, 2018.
             The game lasted 01:16:44 (6969 turns).

Stafi the Basher (Human Berserker)                  Turns: 6969, Time: 01:16:45

Health: 0/67       AC:  8    Str: 18    XL:     8   Next: 30%
Magic:  8/8        EV: 10    Int:  8    God:    Trog [**....]
Gold:   306        SH:  2    Dex: 16    Spells: 7/7 levels left

rFire    . . .     SeeInvis .   g - +0 flail
rCold    . . .     Gourm    .   (no shield)
rNeg     . . .     Faith    .   h - +0 scale mail
rPois    .         Spirit   .   (no helmet)
rElec    .         Reflect  +   (no cloak)
rCorr    .         Harm     .   (no gloves)
MR       .....                  (no boots)
Stlth    ..........             s - +2 amulet of reflection
HPRegen  0.21/turn              (no ring)
MPRegen  0.11/turn              (no ring)

@: lethally poisoned (0 -> -3), slowed, very slow
A: icy blue scales 1, agile 1, sense surroundings 1, robust 1
a: Berserk, Trog's Hand, Renounce Religion


You were on level 6 of the Dungeon.
You worshipped Trog.
Trog was pleased with you.
You were hungry.

You visited 1 branch of the dungeon, and saw 6 of its levels.

You collected 306 gold pieces.

Inventory:

Hand Weapons
 g - a +0 flail (weapon)
Missiles
 i - 29 poisoned needles
 m - 153 stones (quivered)
Armour
 h - a +0 scale mail (worn)
Jewellery
 a - an uncursed amulet of the gourmand {unknown}
 r - a cursed amulet of inaccuracy {unknown}
 s - a +2 amulet of reflection (around neck)
Wands
 o - a wand of digging (15)
 v - a wand of flame (15)
Scrolls
 j - a scroll of remove curse
 l - a scroll of amnesia
 n - 2 scrolls of fog
 q - 6 scrolls of teleportation
 t - a scroll of identify
 x - a scroll of fear
 y - a scroll of magic mapping
Potions
 d - 2 potions of brilliance
 e - 3 potions of curing
 f - 4 potions of might
 k - 2 potions of haste
 p - a potion of ambrosia
 u - a potion of resistance {unknown}
 w - a potion of heal wounds {unknown}
Comestibles
 c - 5 rations


   Skills:
 + Level 4.9 Fighting
   Level 1.5 Short Blades
 * Level 8.0 Maces & Flails
 + Level 2.9 Armour
 - Level 2.1 Dodging


You had 7 spell levels left.
You didn't know any spells.
Your spell library was empty.

Dungeon Overview and Level Annotations

Branches:
Dungeon (6/15)             Temple (0/1) D:5

Altars:
Vehumet


Innate Abilities, Weirdness & Mutations

You are partially covered in icy blue scales. (AC +2)
You are agile. (Dex +2)
You passively map a small area around you.
You are robust. (+10% HP)


Message History

The bullfrog hits you.
* * * LOW HITPOINT WARNING * * *
The orc wizard misses you. The worker ant bites you.
* * * LOW HITPOINT WARNING * * *
The orc wizard hits you but does no damage.
The crimson imp laughs crazily.
The crimson imp hits you but does no damage.
You feel sick. The bullfrog barely misses you.
The orc wizard hits you but does no damage.
The orc wizard points at you and mumbles some strange words.
You feel yourself slow down. The worker ant bites you.
* * * LOW HITPOINT WARNING * * *
The orc hits you but does no damage. The bullfrog hits you.
* * * LOW HITPOINT WARNING * * *
The crimson imp grinds its teeth.
The crimson imp hits you but does no damage.
The orc wizard barely misses you. x2
* * * LOW HITPOINT WARNING * * *
You feel sick. The bullfrog hits you.
You die...

,, * *, * ,#...... ,#####
, #..... ,#... ,, ,
,#....., , ... * #.....
#.#*#### , #
#....##+###.###..##+# , +
#..#....#....#......<...
*#..'..o5#....'..........
, #.oo@o....#..........
,,#..aF#....#..........
#...o#+#########+####
,,........, , , .........
, , , , .........., ,
....).?... , , ,
........... , * * * , * ,


You could see a bullfrog, a worker ant, 2 orc wizards, a crimson imp and 3 orcs.

Vanquished Creatures
  A black bear (D:4)
  A phantom (D:4)
  2 ogres (D:5)
  3 wights (D:4)
  2 howler monkeys
  A crimson imp (D:5)
  Crazy Yiuf (D:4)
  A bullfrog skeleton (D:4)
  An orc wizard (D:5)
  An iguana (D:4)
  Ijyb (D:4)
  A worker ant (D:4)
  A hound skeleton (D:4)
  5 adders
  An ooze (D:4)
  An adder skeleton (D:4)
  A worm (D:2)
  2 dart slugs
  3 leopard geckos
  11 orcs
  3 giant cockroaches
  18 goblins
  5 hobgoblins
  5 jackals
  2 quokkas
  10 bats
  3 frilled lizards
  A jackal skeleton (D:4)
  A jackal zombie (D:5)
  5 kobolds
  6 rats
  A bush (D:4)
  5 fungi (D:4)
  A plant (D:5)
107 creatures vanquished.

Vanquished Creatures (others)
  A plant (D:5)
1 creature vanquished.

Grand Total: 108 creatures vanquished

Notes
Turn   | Place    | Note
-------+----------+-------------------------------------------
     0 | D:1      | Stafi the Human Berserker began the quest for the Orb.
     0 | D:1      | Reached XP level 1. HP: 18/18 MP: 1/1
   346 | D:1      | Reached XP level 2. HP: 17/24 MP: 2/2
   983 | D:2      | Reached XP level 3. HP: 29/29 MP: 3/3
  1139 | D:2      | Reached skill level 4 in Maces & Flails
  1231 | D:2      | Reached ** piety under Trog
  1640 | D:2      | Reached XP level 4. HP: 35/35 MP: 4/4
  2734 | D:3      | Reached skill level 5 in Maces & Flails
  2734 | D:3      | Reached XP level 5. HP: 29/41 MP: 5/5
  3389 | D:4      | Noticed Ijyb
  3666 | D:4      | Killed Ijyb
  3666 | D:4      | Reached skill level 1 in Short Blades
  3734 | D:4      | Reached XP level 6. HP: 47/47 MP: 6/6
  3809 | D:4      | Gained mutation: You passively map a small area around you.
                  | [potion of mutation]
  3809 | D:4      | Gained mutation: You are partially covered in icy blue
                  | scales. (AC +2) [potion of mutation]
  3809 | D:4      | Gained mutation: You are agile. (Dex +2) [potion of
                  | mutation]
  3809 | D:4      | Gained mutation: You are robust. (+10% HP) [potion of
                  | mutation]
  3849 | D:4      | Reached skill level 6 in Maces & Flails
  3864 | D:4      | Noticed a phantom
  3870 | D:4      | Killed a phantom
  3909 | D:4      | Noticed a black bear
  3921 | D:4      | Killed a black bear
  3921 | D:4      | Reached XP level 7. HP: 58/58 MP: 7/7
  4133 | D:4      | Reached skill level 7 in Maces & Flails
  4197 | D:4      | Reached *** piety under Trog
  4462 | D:4      | Found a runed door.
  4486 | D:4      | Noticed Crazy Yiuf
  4491 | D:4      | Killed Crazy Yiuf
  4564 | D:5      | Entered Level 5 of the Dungeon
  4857 | D:5      | Reached XP level 8. HP: 61/67 MP: 8/8
  4954 | D:5      | Found a radiant altar of Vehumet.
  5017 | D:5      | Found a staircase to the Ecumenical Temple.
  5593 | D:5      | Reached skill level 8 in Maces & Flails
  6412 | D:6      | Paralysed by fainting for 5 turns
  6456 | D:6      | Paralysed by fainting for 10 turns
  6482 | D:6      | Paralysed by fainting for 7 turns
  6529 | D:6      | Paralysed by fainting for 12 turns
  6969 | D:6      | HP: 3/67 [poisoned by a worker ant]
  6969 | D:6      | Slain by a bullfrog

Skill      XL: |  1  2  3  4  5  6  7  8 |
---------------+-------------------------+-----
Maces & Flails | 4 5 6 7 8 |  8.0
Short Blades   | 1 |  1.5
Fighting       | 4 |  4.9
Armour         | |  2.9
Dodging        | |  2.1

Action                   |  1- 3 |  4- 6 |  7- 9 || total
-------------------------+-------+-------+-------++-------
Melee: Mace              |   116 |    64 |       ||   180
       Flail             |       |   104 |   228 ||   332
Invok: Berserk           |       |     5 |     5 ||    10
  Use: Scroll            |     1 |     8 |     3 ||    12
       Potion            |       |     1 |       ||     1
  Eat: Chunk             |     2 |    11 |     5 ||    18
       Ration            |       |       |     3 ||     3
Armor: Scale mail        |    52 |    91 |   363 ||   506
       Animal skin       |     1 |       |       ||     1
Dodge: Dodged            |    74 |   103 |   298 ||   475
Block: Other             |       |    17 |    34 ||    51
